 Dungeon Crawl Stone Soup version 0.18.1-50-g88ac8fd (webtiles) character file.

934 KarmaPolice the Spear-Bearer (level 8, 0/64 HPs)
             Began as a Merfolk Gladiator on Sept 27, 2016.
             Was an Initiate of Qazlal.
             Succumbed to Nordron's ghost's poison
             ... on level 4 of the Dungeon.
             The game lasted 00:12:00 (5439 turns).

KarmaPolice the Spear-Bearer (Merfolk Gladiator)    Turns: 5439, Time: 00:12:01

Health: 0/64       AC:  4    Str: 19 (21) XL:     8   Next: 11%
Magic:  9/9        EV: 19    Int:  7 (10) God:    Qazlal [......]
Gold:   128        SH:  0    Dex: 16 (19) Spells: 0 memorised, 7 levels left

rFire  . . .     SeeInvis .     h - +2 spear (pain)
rCold  . . .     Gourm    .     b - +0 leather armour
rNeg   . . .     Faith    .     (no shield)
rPois  +         Spirit   .     (helmet restricted)
rElec  .         Dismiss  .     (no cloak)
rCorr  .         Reflect  .     (no gloves)
SustAt .         Harm     .     o - +0 pair of boots
MR     +....                    (no amulet)
Stlth  +++.......               m - +4 ring of strength
                                e - ring of protection from magic

@: agile, lethally poisoned (0 -> -9), very slightly contaminated, hasted, very
quick, somewhat resistant to hostile enchantments, fairly stealthy
A: change form in water, swift swim, horns 1, clever 1, poison resistance
a: Renounce Religion


You were on level 4 of the Dungeon.
You worshipped Qazlal.
Qazlal was noncommittal.
You were not hungry.

You visited 2 branches of the dungeon, and saw 6 of its levels.

You collected 128 gold pieces.

Inventory:

Hand Weapons
 h - a +2 spear of pain (weapon)
Missiles
 d - 3 throwing nets (quivered)
Armour
 b - a +0 leather armour (worn)
 c - a +0 helmet
 o - a +0 pair of boots (worn)
Jewellery
 e - a ring of protection from magic (left hand)
 m - a +4 ring of strength (right hand)
 r - an uncursed ring of protection from cold
Scrolls
 j - a scroll of identify
 k - 3 scrolls of enchant armour
 n - a scroll of enchant weapon {unknown}
 s - a scroll of recharging {unknown}
 u - 2 scrolls of teleportation {unknown}
 w - 2 scrolls of remove curse {unknown}
 y - a scroll of blinking {unknown}
Potions
 g - a potion of magic
 B - 2 potions of berserk rage
Books
 x - a book of Flames

   Spells                             Type                      Level
   a - Flame Tongue                   Conjuration/Fire             1
   b - Throw Flame                    Conjuration/Fire             2
   c - Conjure Flame                  Conjuration/Fire             3
   d - Inner Flame                    Hexes/Fire                   3
   e - Sticky Flame                   Conjuration/Fire             4
   f - Fireball                       Conjuration/Fire             5
Comestibles
 f - 5 bread rations
 i - a royal jelly
 l - a beef jerky
 q - 2 fruits
 v - 3 slices of pizza
 z - a meat ration


   Skills:
 + Level 6.2 Fighting
 + Level 9.0 Polearms
 - Level 2.0 Throwing
 + Level 2.3 Armour
 - Level 4.0 Dodging
 - Level 2.2 Stealth
 + Level 2.3 Invocations


You had 7 spell levels left.
You didn't know any spells.

Dungeon Overview and Level Annotations

Branches:
Dungeon (5/15)             Temple (1/1) D:4

Altars:
Dithmenos
Gozag
Kikubaaqudgha
Makhleb
Qazlal
Ru
Sif Muna
Trog
Vehumet
Yredelemnul
Zin
The Shining One

Annotations:
D:5 Nordron's ghost, amateur GrFE


Innate Abilities, Weirdness & Mutations

You revert to your normal form in water.
You are very nimble and swift while swimming.
You have a pair of small horns on your head.
Your mind is acute. (Int +2)
Your system is resistant to poisons.


Message History

You feel sick.
* * * LOW HITPOINT WARNING * * *
You feel sick.
* * * LOW HITPOINT WARNING * * *
You feel sick.
* * * LOW HITPOINT WARNING * * *
You feel sick.
* * * LOW HITPOINT WARNING * * *
You feel sick.
Things that are here:
a whip x2
* * * LOW HITPOINT WARNING * * *
You feel sick.
* * * LOW HITPOINT WARNING * * *
You feel sick.
* * * LOW HITPOINT WARNING * * *
You feel sick.
* * * LOW HITPOINT WARNING * * *
You feel sick.
You die...

###### ##### #....#
#.... #....# #.###
#....# #.# #....# #.#
#....# #.# #####
###.## #.## #...####
#.## #..##
#.#.@..#####..####.##
#.####...)...........
#.# #######.##..#...
#.# #.###.##.> #.#
#.# #.##.# #.# ###.#
#..#[# ##)# ##...#
##.... #..#
##..#########. #.##
#..## #...####


There were no monsters in sight!

Vanquished Creatures
  An ice beast (D:4)
  4 ogres (D:4)
  A scorpion (D:5)
  A hound (D:4)
  A gnoll shaman (D:4)
  An orc priest (D:3)
  An iguana (D:4)
  2 worker ants (D:4)
  11 gnolls
  6 adders
  2 oozes
  5 worms
  5 giant geckos
  4 orcs
  7 bats
  3 giant cockroaches
  9 goblins
  9 hobgoblins
  14 jackals
  2 quokkas (D:3)
  3 giant newts
  9 kobolds
  A quokka skeleton (D:4)
  9 rats
111 creatures vanquished.

Notes
Turn   | Place    | Note
--------------------------------------------------------------
     0 | D:1      | KarmaPolice the Merfolk Gladiator began the quest for the Orb.
     0 | D:1      | Reached XP level 1. HP: 16/16 MP: 1/1
    99 | D:1      | Reached XP level 2. HP: 22/23 MP: 2/2
   350 | D:1      | Reached skill level 5 in Polearms
   512 | D:1      | Reached XP level 3. HP: 25/29 MP: 3/3
  1407 | D:1      | Reached XP level 4. HP: 35/37 MP: 4/4
  1443 | D:2      | Reached skill level 6 in Polearms
  1597 | D:2      | Reached XP level 5. HP: 35/42 MP: 5/5
  2057 | D:2      | Reached skill level 1 in Stealth
  3018 | D:3      | Reached skill level 7 in Polearms
  3061 | D:3      | Reached XP level 6. HP: 42/49 MP: 6/6
  3271 | D:4      | Reached skill level 5 in Fighting
  3585 | D:4      | Found a basalt altar of Yredelemnul.
  3587 | D:4      | Noticed a profane servitor
  3593 | D:4      | Found a glowing golden altar of the Shining One.
  3595 | D:4      | Noticed an angel
  3634 | D:4      | Reached skill level 1 in Armour
  3634 | D:4      | Reached XP level 7. HP: 39/56 MP: 7/7
  3778 | D:4      | Reached skill level 8 in Polearms
  3784 | D:4      | Found a staircase to the Ecumenical Temple.
  3812 | Temple   | Entered the Ecumenical Temple
  3941 | Temple   | Became a worshipper of Qazlal Stormbringer
  4096 | D:4      | Reached skill level 1 in Invocations
  4187 | D:4      | Found a glowing silver altar of Zin.
  4218 | D:4      | Found a burning altar of Makhleb.
  4574 | D:5      | Entered Level 5 of the Dungeon
  4664 | D:5      | Reached XP level 8. HP: 64/64 MP: 9/9
  4678 | D:5      | Noticed Nordron's ghost (amateur GrFE)
  5172 | D:4      | Reached skill level 9 in Polearms
  5423 | D:4      | Gained mutation: You have a pair of small horns on your head. [potion of mutation]
  5423 | D:4      | Gained mutation: Your system is resistant to poisons. [potion of mutation]
  5423 | D:4      | Gained mutation: Your mind is acute. (Int +2) [potion of mutation]
  5433 | D:4      | HP: 3/64 [poisoned by Nordron's ghost]
  5437 | D:4      | HP: 1/64 [poisoned by Nordron's ghost]
  5439 | D:4      | Succumbed to Nordron's ghost's poison

Skill      XL: |  1  2  3  4  5  6  7  8 |
---------------+-------------------------+-----
Polearms       | 5 6 7 8 9 |  9.0
Fighting       | 3 4 5 6 |  6.2
Stealth        | 2 |  2.2
Armour         | 1 2 |  2.3
Invocations    | 2 |  2.3
Throwing       | |  2.0
Dodging        | |  4.0

Action                   |  1- 3 |  4- 6 |  7- 9 || total
-------------------------+-------+-------+-------++-------
Melee: Trident           |   140 |       |       ||   140
       Spear             |       |   237 |   137 ||   374
  Use: Potion            |       |       |     5 ||     5
       Scroll            |       |       |     4 ||     4
 Stab: Sleeping          |     1 |     2 |     1 ||     4
       Distracted        |       |     1 |     1 ||     2
  Eat: Chunk             |     1 |     8 |     6 ||    15
Armor: Leather armour    |    34 |    28 |    14 ||    76
Dodge: Dodged            |    99 |    76 |    38 ||   213
